 Dungeon Crawl Stone Soup version 0.29-a0-920-g5d2155ec51 (webtiles) character file.

Game seed: 12311524223602900981

21171 Conn the Arsonist (level 12, -10/72 HPs)
             Began as an Octopode Fire Elementalist on July 27, 2022.
             Was a Priest of Sif Muna.
             Mangled by a cane toad (23 damage)
             ... on level 1 of the Lair of Beasts.
             The game lasted 00:46:02 (14849 turns).

Conn the Arsonist (Octopode Fire Elementalist)     Turns: 14849, Time: 00:46:02

Health: -10/72     AC:  3    Str:  7    XL:     12   Next: 87%
Magic:  23/36      EV: 15    Int: 28    God:    Sif Muna [***...]
Gold:   804        SH:  6    Dex: 19    Spells: 14/33 levels left

rFire   . . .      SeeInvis +   b - staff of conjuration
rCold   + . .      Faith    .   J - +2 buckler
rNeg    + . .      Spirit   .   u - +2 hat {Stlth+}
rPois   .          Reflect  .   (no amulet)
rElec   .          Harm     .   i - ring of protection from cold
rCorr   .          Rampage  .   r - ring of see invisible
Will    .....                   q - ring of positive energy
Stlth   ++++++....              w - +6 ring of dexterity
HPRegen 0.22/turn               z - ring of flight
MPRegen 0.25/turn               j - +6 ring of intelligence
                                R - ring of magical power
                                (no ring)

@: on berserk cooldown, flying, slowed, very slow
A: almost no armour, amphibious, 8 rings, camouflage 1, gelatinous body 1,
(nimble swimmer 1), tentacles
a: Renounce Religion, Channel Magic, Forget Spell


You were on level 1 of the Lair of Beasts.
You worshipped Sif Muna.
Sif Muna was most pleased with you.
You visited 4 branches of the dungeon, and saw 15 of its levels.
You also visited: Bailey.

You collected 1100 gold pieces.
You spent 296 gold pieces at shops.

Inventory:

Hand Weapons
 a - a +9 dagger of flaming
 c - a +0 dagger
 A - the +0 mace "Vuynn" {speed, rC+ rN+}
   (You bought it in a shop on level 2 of the Dungeon)

   Attacks with this weapon are significantly faster.
   rC:        It protects you from cold.
   rN:        It protects you from negative energy.
 T - the +4 executioner's axe of Qoybifuo {vorpal, Str-4 Int+6}
   (You found it in a bailey)

   It inflicts extra damage upon your enemies.
   Str:       It affects your strength (-4).
   Int:       It affects your intelligence (+6).
Missiles
 Q - a curare-tipped dart
 S - 3 throwing nets
Armour
 u - a +2 hat of stealth (worn)
 J - a +2 buckler (worn)
Magical Staves
 b - a staff of conjuration (weapon)
 h - a staff of poison
 D - a staff of cold
Jewellery
 i - a ring of protection from cold (left tentacle)
 j - a +6 ring of intelligence (on tentacle)
 q - a ring of positive energy (on tentacle)
 r - a ring of see invisible (right tentacle)
 w - a +6 ring of dexterity (on tentacle)
 z - a ring of flight (on tentacle)
 R - a ring of magical power (on tentacle)
Wands
 o - a wand of paralysis (5)
 t - a wand of flame (28)
 L - a wand of iceblast (3)
 P - a wand of digging (2)
Scrolls
 d - a scroll of immolation
 e - 2 scrolls of magic mapping
 f - 2 scrolls of amnesia
 k - a scroll of brand weapon {unknown}
 l - 8 scrolls of teleportation
 m - a scroll of vulnerability {unknown}
 s - 2 scrolls of acquirement {unknown}
 x - 3 scrolls of fear {unknown}
 y - 2 scrolls of fog
 C - a scroll of silence
 F - a scroll of summoning {unknown}
 H - 4 scrolls of enchant weapon
 I - 2 scrolls of noise {unknown}
 O - 5 scrolls of blinking {unknown}
Potions
 g - 2 potions of resistance
 n - 5 potions of curing
 p - 3 potions of brilliance
 v - 2 potions of haste
 G - a potion of attraction {unknown}
 K - 2 potions of flight {unknown}
 M - a potion of mutation {unknown}
 N - 2 potions of might {unknown}


   Skills:
 + Level 2.9 Fighting
 + Level 3.1 Short Blades
 + Level 1.5 Staves
 + Level 5.3 Dodging
 + Level 8.9 Stealth
 + Level 0.7 Shields
 + Level 11.0 Spellcasting
 + Level 8.1 Conjurations
 + Level 2.5 Hexes
 + Level 11.3 Fire Magic
 * Level 6.0 Invocations
 + Level 1.1 Evocations


You had 14 spell levels left.
You knew the following spells:

 Your Spells              Type           Power      Damage    Failure   Level
a - Foxfire               Conj/Fire      100%       2x1d9     1%          1
b - Conjure Flame         Conj/Fire      81%        6-21      1%          3
c - Inner Flame           Hex/Fire       53%        N/A       1%          3
d - Flame Wave            Conj/Fire      81%        2d18      1%          4
e - Scorch                Fire           100%       2d10      1%          2
f - Searing Ray           Conj           100%       2d8       1%          2
g - Fulminant Prism       Conj/Hex       31%        3d16      5%          4

Your spell library contained the following spells:

 Spells                   Type           Power      Damage    Failure   Level
 Magic Dart               Conj           100%       1d8       1%          1
 Tukima's Dance           Hex            29%        N/A       5%          3
 Portal Projectile        Hex/Tloc       44%        N/A       9%          3
 Blade Hands              Tmut           7%         N/A       80%         5


Dungeon Overview and Level Annotations

Branches:
Dungeon (12/15)            Temple (1/1) D:4            Lair (1/5) D:9
    Orc (1/2) D:10         Bailey (visited)

Altars:
Ashenzari
Cheibriados
Dithmenos
Elyvilon
Fedhas
Gozag
Hepliaklqana
Kikubaaqudgha
Makhleb
Nemelex Xobeh
Okawaru
Qazlal
Ru
Sif Muna
Trog
Uskayaw
Vehumet
Wu Jian
Xom
Yredelemnul
Zin
The Shining One

Shops:
D:2 (   D:9 *

Annotations:
D:10 2 runed translucent doors, Malachi's ghost, novice DgHu


Innate Abilities, Weirdness & Mutations

You cannot wear most types of armour.
You are amphibious.
You can wear up to eight rings at the same time.
Your skin changes colour to match your surroundings (Stealth+).
Your rubbery body absorbs attacks. (AC +1, EV +1)
((You are camouflaged when in or above water. (Stealth+)))
You have tentacles for arms and can constrict up to eight enemies at once.


Message History

You kill the cane toad!
Sif Muna accepts your kill.
Your Invocations skill increases to level 6!
A wyvern comes into view.
You see here a yak corpse.
You feel a strong urge to attack something.
You are too berserk!
You are too berserk!
Okay, then.
Unknown command.
Unknown command.
You feel your anger nearly subside.
You are no longer berserk.
You are exhausted.
You feel yourself slow down.
Unknown command.
Okay, then.
Unknown command.
You feel much better. The wyvern barely misses you.
Okay, then.
Okay, then.
Okay, then.
Okay, then.
Okay, then.
Unknown command.
Aiming: Paralyse
Press: ? - help, Shift-Dir - straight line, f - cane toad
Aim: a cane toad (chance to affect: 51%)
The cane toad resists with significant effort.
The wyvern bites you!
* * * LOW HITPOINT WARNING * * *
You block the cane toad's attack. The wyvern barely misses you.
Aiming: Paralyse
Press: ? - help, Shift-Dir - straight line, f/p - cane toad
Aim: a cane toad (chance to affect: 51%)
The cane toad resists with significant effort.
You block the cane toad's attack. The wyvern completely misses you.
The wyvern bites you!
* * * LOW HITPOINT WARNING * * *
The cane toad stings you!!
You die...

# ### .. ##.## .#.
## #...# ###.
....##.##...# #...#
............###.....
##...l@F..........
#^......††#.#.)...
...............#
.#.###.........# #
####...<### #......#
###....# #....?
#....#.


You could see a cane toad and a wyvern.

Vanquished Creatures
  A hydra (D:11)
  Erica (D:11)
  2 two-headed ogres
  Sonja (Lair:1)
  Lodul (D:11)
  A cyclops (D:11)
  A manticore (D:12)
  2 gargoyles (D:12)
  2 cane toads (Lair:1)
  An unseen horror (D:11)
  An unseen horror zombie (D:8)
  6 kobold demonologists
  2 hornets (D:9)
  2 trolls (D:9)
  A wraith (D:10)
  A wyvern (D:9)
  2 shadows
  22 yaks
  Eustachio (D:6)
  A vampire (D:10)
  2 steam dragons
  4 vampire mosquitoes
  2 wargs (D:9)
  Edmund (D:4)
  An acid dragon (D:10)
  2 water moccasins
  12 orc warriors
  2 black bears
  6 ice beasts
  17 centaurs
  2 phantoms (D:6)
  9 ogres
  12 kobold brigands
  Blork the orc (D:4)
  A gnoll sergeant (D:12)
  5 bullfrogs
  A necrophage (D:8)
  3 scorpions
  A wyvern zombie (D:8)
  4 wights (D:8)
  11 killer bees
  A howler monkey (D:9)
  3 hounds
  4 centaur zombies (D:8)
  2 jellies
  2 gnoll boudas (D:7)
  5 orc priests
  2 iguanas
  6 orc wizards
  Natasha (D:4)
  2 howler monkey zombies (D:8)
  Robin (D:2)
  14 gnolls
  8 adders
  A white imp (D:7)
  3 ufetubi
  2 worms
  49 orcs
  4 ball pythons
  9 endoplasms
  4 giant cockroaches
  15 goblins
  4 hobgoblins
  4 quokkas
  A bat (D:2)
  3 frilled lizards
  36 kobolds
  4 rats
341 creatures vanquished.

Vanquished Creatures (others)
  960 foxfires
  A fulminant prism (Lair:1)
  3 plants
  4 withered plants (D:8)
968 creatures vanquished.

Grand Total: 1309 creatures vanquished

Notes
Turn   | Place    | Note
-------+----------+-------------------------------------------
     0 | D:1      | Conn the Octopode Fire Elementalist began the quest for the
                  | Orb.
     0 | D:1      | Reached XP level 1. HP: 11/11 MP: 3/3
   160 | D:1      | Found a faded altar of an unknown god.
   169 | D:1      | Reached XP level 2. HP: 1/17 MP: 1/5
  1142 | D:2      | Reached XP level 3. HP: 21/21 MP: 2/6
  1317 | D:2      | Found a glowing silver altar of Zin.
  1364 | D:2      | Noticed Robin
  1374 | D:2      | Killed Robin
  1473 | D:2      | Found Naurph's Antique Weapon Shop.
  1532 | D:2      | Reached XP level 4. HP: 23/27 MP: 7/7
  2400 | D:3      | Reached XP level 5. HP: 31/31 MP: 5/9
  2955 | D:4      | Learned a level 2 spell: Scorch
  2959 | D:4      | Learned a level 3 spell: Conjure Flame
  2963 | D:4      | Learned a level 3 spell: Inner Flame
  2964 | D:4      | Noticed Blork the orc
  2973 | D:4      | Killed Blork the orc
  2974 | D:4      | Reached skill level 1 in Short Blades
  2978 | D:4      | Reached XP level 6. HP: 36/36 MP: 0/10
  2986 | D:4      | Found a staircase to the Ecumenical Temple.
  2999 | Temple   | Entered the Ecumenical Temple
  3309 | D:4      | Reached skill level 5 in Stealth
  3367 | D:4      | Noticed Edmund
  3380 | D:4      | Killed Edmund
  3381 | D:4      | Reached XP level 7. HP: 3/42 MP: 1/12
  3712 | D:4      | Noticed Natasha
  3720 | D:4      | Killed Natasha
  4009 | D:5      | Entered Level 5 of the Dungeon
  4251 | D:5      | Reached skill level 5 in Fire Magic
  4251 | D:5      | Reached XP level 8. HP: 47/47 MP: 14/14
  4280 | D:5      | Reached skill level 1 in Fighting
  4689 | D:2      | Bought a warped mace for 192 gold pieces
  4689 | D:2      | Identified the +0 mace "Vuynn" {speed, rC+ rN+} (You bought
                  | it in a shop on level 2 of the Dungeon)
  4874 | D:5      | Reached skill level 5 in Spellcasting
  4971 | D:5      | Learned a level 4 spell: Flame Wave
  4974 | D:5      | Learned a level 2 spell: Searing Ray
  5074 | D:6      | Reached skill level 1 in Evocations
  5074 | D:6      | Reached XP level 9. HP: 16/53 MP: 5/17
  5078 | D:6      | Noticed Eustachio
  5094 | D:6      | Killed Eustachio
  5488 | D:6      | Reached skill level 1 in Staves
  6257 | D:7      | Found a flagged portal.
  6275 | Bailey   | Entered a bailey
  6455 | Bailey   | Reached skill level 5 in Conjurations
  6990 | Bailey   | Reached XP level 10. HP: 60/60 MP: 12/20
  7669 | Bailey   | Reached skill level 1 in Hexes
  7838 | Bailey   | Identified the +4 executioner's axe of Qoybifuo {vorpal,
                  | Str-4 Int+6}
  8176 | D:7      | Learned a level 4 spell: Fulminant Prism
  9042 | D:8      | You are sucked into a shaft and drop 2 floors!
  9042 | D:10     | Entered Level 10 of the Dungeon
  9051 | D:10     | Noticed a two-headed ogre
  9068 | D:10     | Found a large runed translucent door.
  9068 | D:10     | Found a large runed translucent door.
  9072 | D:10     | Noticed Malachi's ghost (novice DgHu)
  9461 | D:10     | Found a staircase to the Orcish Mines.
  9665 | D:9      | Found a shimmering blue altar of Sif Muna.
  9670 | D:9      | Became a worshipper of Sif Muna the Loreminder
  9968 | D:9      | Found a transporter.
  9972 | D:9      | Found a transporter.
  9974 | D:9      | Found a transporter.
  9980 | D:9      | Found a transporter.
 10203 | D:9      | Reached XP level 11. HP: 65/65 MP: 15/23
 10336 | D:9      | Found Bavi's General Store.
 10351 | D:9      | Bought a potion of heal wounds for 65 gold pieces
 10351 | D:9      | Bought a scroll of teleportation for 39 gold pieces
 10471 | D:9      | Found a staircase to the Lair.
 10713 | D:8      | Reached * piety under Sif Muna
 10729 | D:8      | Reached skill level 5 in Dodging
 10775 | D:8      | Reached skill level 1 in Invocations
 11401 | D:10     | Killed a two-headed ogre
 11406 | D:10     | Noticed a sixfirhy
 11831 | D:10     | Reached skill level 10 in Fire Magic
 11983 | D:10     | Reached ** piety under Sif Muna
 12360 | D:11     | Noticed Lodul
 12366 | D:11     | Killed Lodul
 12367 | D:11     | Reached XP level 12. HP: 28/72 MP: 25/25
 12567 | D:11     | Noticed Erica
 12574 | D:11     | Killed Erica
 12575 | D:11     | Reached skill level 10 in Spellcasting
 12750 | D:11     | Noticed a six-headed hydra
 13208 | D:11     | Killed a six-headed hydra
 13571 | D:12     | Identified the +0 robe of the Slorg {Str+3}
 13595 | D:12     | Noticed a sun demon
 13644 | D:12     | Noticed a two-headed ogre
 13650 | D:12     | Killed a two-headed ogre
 13650 | D:12     | Reached *** piety under Sif Muna
 13906 | D:12     | Reached skill level 5 in Invocations
 14461 | Orc:1    | Entered Level 1 of the Orcish Mines
 14466 | Orc:1    | Noticed an orc high priest
 14828 | Lair:1   | Entered Level 1 of the Lair of Beasts
 14835 | Lair:1   | Noticed Sonja
 14835 | Lair:1   | Killed Sonja
 14849 | Lair:1   | Mangled by a cane toad

Illustrated notes

Levels and vault maps discovered:
D:1:      amcnicky_arrival_abandoned_market, layout_basic,
          nicolae_ecumenical_snake_handling
D:2:      layout_loops_ring, serial_shops, nicolae_shop_overgrown_old_shop,
          basic_altar, minivault_5, uniq_robin
D:3:      layout_loops_cross
D:4:      layout_rooms, temple_green, uniq_natasha, uniq_blork_the_orc,
          uniq_edmund
D:5:      layout_basic
D:6:      layout_cave_pools, uniq_eustachio
D:7:      layout_gridville, enter_bailey_5, st_stairs_10
D:8:      layout_gridville, serial_undead, serial_undead_c, serial_undead_c,
          serial_undead_a, serial_undead_b, serial_undead_d
D:9:      layout_loops_ring, kennysheep_little_box, erik_lair_orcish_takeover,
          serial_shops, shop, st_stairs_9, nicolae_transporter_circle
D:10:     layout_rooms, orc_0_dummy, ebering_ghost_disaster_area
D:11:     layout_irregular_city, uniq_lodul, uniq_erica
D:12:     layout_roguey, minmay_misc_feat_columns, lemuel_nasty_fountain
Temple:   kilobyte_greek_temple
Lair:1:   layout_misc_corridors, uniq_sonja
Orc:1:    layout_caves

Skill      XL: |  1  2  3  4  5  6  7  8  9 10 11 12 |
---------------+-------------------------------------+-----
Stealth        | 3 4 5 6 7 8 |  8.9
Spellcasting   | 3 4 5 7 8 9 11 | 11.0
Short Blades   | 1 3 |  3.1
Conjurations   | 2 3 4 5 6 7 8 |  8.1
Fire Magic     | 4 5 6 7 8 10 11 | 11.3
Fighting       | 1 2 |  2.9
Dodging        | 3 4 5 |  5.3
Evocations     | 1 |  1.1
Staves         | 1 |  1.5
Hexes          | 1 2 |  2.5
Invocations    | 3 6 |  6.0
Shields        | |  0.7

Action                   |  1- 3 |  4- 6 |  7- 9 | 10-12 || total
-------------------------+-------+-------+-------+-------++-------
Melee: Unarmed           |     3 |       |       |       ||     3
       Constrict         |     3 |     1 |     5 |    11 ||    20
       Dagger            |    16 |    18 |    27 |    78 ||   139
       Tentacles         |       |     2 |     7 |    14 ||    23
       Staff             |       |       |     5 |     5 ||    10
       Punch             |       |       |     1 |     2 ||     3
 Cast: Foxfire           |    43 |    48 |   120 |   330 ||   541
       Scorch            |       |     1 |    27 |    74 ||   102
       Inner Flame       |       |     1 |     2 |    28 ||    31
       Flame Wave        |       |       |     6 |    25 ||    31
       Conjure Flame     |       |       |       |     8 ||     8
       Searing Ray       |       |       |       |     1 ||     1
       Fulminant Prism   |       |       |       |     1 ||     1
Evoke: Wand              |       |       |     4 |     5 ||     9
  Use: Potion            |       |       |     6 |     6 ||    12
       Scroll            |       |       |       |    16 ||    16
 Stab: Sleeping          |     4 |    11 |     7 |     7 ||    29
Armor: Skin              |     1 |       |    39 |    71 ||   111
Dodge: Dodged            |     8 |     5 |    74 |   117 ||   204
Block: Buckler           |       |       |       |    21 ||    21

Table legend: (Time is in decaauts)
 A = Elapsed time spent in this place.
 B = Non-inter-level travel time spent in this place.
 C = Inter-level travel time spent in this place.
 D = Time resting spent in this place.
 E = Time spent auto-exploring this place.
 F = Levels seen in this place.
 G = Mean time per level.
                   A        B        C        D        E       F      G
               +--------+--------+--------+--------+--------+-----+--------+
         Total |  14820 |  14337 |    483 |   1352 |   9452 |  16 |  926.2 |
       Dungeon |  12688 |  12239 |    449 |    715 |   8649 |  12 | 1057.3 |
        Temple |    199 |    167 |     32 |      0 |    148 |   1 |  199.0 |
          Lair |     19 |     19 |      0 |      0 |      0 |   1 |   19.0 |
  Orcish Mines |     20 |     20 |      0 |      0 |      0 |   1 |   20.0 |
        Bailey |   1893 |   1893 |      0 |    637 |    655 |   1 | 1893.0 |
               +--------+--------+--------+--------+--------+-----+--------+

Top non-repeatable levels by time:
  Bailey: 1893 daAuts
    D:11: 1563 daAuts
     D:7: 1458 daAuts
     D:9: 1400 daAuts
    D:10: 1247 daAuts
     D:1: 1126 daAuts
     D:3: 1017 daAuts
    D:12: 991 daAuts
     D:2: 913 daAuts
     D:4: 912 daAuts
     D:6: 862 daAuts
     D:5: 852 daAuts
     D:8: 341 daAuts
  Temple: 199 daAuts
   Orc:1: 20 daAuts
